 Dungeon Crawl Stone Soup version 0.20-a0-449-g96be121 (webtiles) character file.

316471 hairmachine the Wrestler (level 20, -14/230 HPs)
             Began as a Troll Hunter on Jan 4, 2017.
             Was the Champion of Nemelex Xobeh.
             Killed from afar by a spark wasp (34 damage)
             ... with a living lightning
             ... on level 2 of the Depths on Jan 7, 2017.
             The game lasted 05:28:28 (58952 turns).

hairmachine the Wrestler (Troll Hunter)            Turns: 58952, Time: 05:28:32

Health: -14/230    AC: 18    Str: 26    XL:     20   Next: 87%
Magic:  27/27      EV: 12    Int:  5    God:    Nemelex Xobeh [******]
Gold:   2647       SH: 21    Dex: 17    Spells: 19/19 levels left

rFire  + . .     SeeInvis +       - Unarmed
rCold  + . .     Gourm    +     A - quicksilver dragon scales
rNeg   . . .     Faith    .     E - +1 large shield
rPois  .         Spirit   .     I - +2 hat
rElec  .         Reflect  .     O - +2 cloak
rCorr  +         Harm     .     (gloves unavailable)
MR     ++...                    (boots unavailable)
Stlth  +.........               s - amulet of Vitality {Regen+ HP+15}
                                H - ring of the Yeti {rCorr rC+ Int-4 Dex+4 SInv}
                                Z - ring of fire {rF+, rC-}

@: about to teleport, very slightly contaminated
A: unfitting armour, claws 3, cold resistance 1, fast metabolism 3, gourmand,
regeneration 1, shaggy fur 1, tough skin 2
}: 1/15 runes: serpentine
a: Triple Draw, Deal Four, Stack Five, Renounce Religion


You were on level 2 of the Depths.
You worshipped Nemelex Xobeh.
Nemelex Xobeh was exalted by your worship.
You were very full.

You visited 7 branches of the dungeon, and saw 35 of its levels.
You also visited: Labyrinth.

You collected 3899 gold pieces.
You spent 1252 gold pieces at shops.


Innate Abilities, Weirdness & Mutations

You are too large for most types of armour.
You have claws for hands.
Your metabolism is lightning-fast.
You like to eat raw meat.
Your natural rate of healing is unusually fast.
You are covered in fur. (AC +1)
You have very tough skin. (AC +2)
Your flesh is cold resistant. (rC+)


   Skills:
 + Level 16.6 Fighting
 - Level 6.0 Throwing
 - Level 3.0 Armour
 - Level 7.2 Dodging
 - Level 0.3 Stealth
 + Level 12.1 Shields
 + Level 23.4 Unarmed Combat
 + Level 10.9 Invocations
 - Level 0.2 Evocations


You had 19 spell levels left.
You didn't know any spells.

Inventory:

Missiles
 d - 9 throwing nets {!f=f, !d}
 i - 108 large rocks (quivered) {=f}
Armour
 A - quicksilver dragon scales (worn)
   (You found it in a labyrinth)
 E - a +1 large shield (worn)
   (You took it off an orc warlord on level 2 of the Orcish Mines)
 I - a +2 hat (worn)
   (You bought it in a shop on level 2 of the Orcish Mines)
 O - a +2 cloak (worn)
   (You found it on level 7 of the Dungeon)
Jewellery
 p - an uncursed ring of poison resistance {rP+, !d}
   (You found it on level 2 of the Dungeon)
 s - the amulet of Vitality (around neck) {Regen+ HP+15}
   (You bought it in a shop on level 2 of the Orcish Mines)

   [amulet of regeneration]

   It affects your health (+15).
   It increases your rate of regeneration.
 H - the ring of the Yeti (right claw) {rCorr rC+ Int-4 Dex+4 SInv}
   (You found it in a labyrinth)

   [ring of resist corrosion]

   It affects your intelligence (-4).
   It affects your dexterity (+4).
   It protects you from cold.
   It lets you see invisible.
 Z - a ring of fire (left claw) {rF+, rC-}
   (You took it off a naga mage on level 15 of the Dungeon)
Wands
 W - a wand of digging (13/24)
   (You found it on level 2 of the Vaults)
Scrolls
 g - 4 scrolls of fog {!r}
 h - 7 scrolls of remove curse {!r}
 k - 12 scrolls of magic mapping {!r}
 q - 2 scrolls of identify {!r}
 t - 10 scrolls of teleportation {!r}
 v - a scroll of summoning {!r}
 L - 2 scrolls of blinking {!r}
 P - 2 scrolls of recharging {!r}
 X - a scroll of enchant armour {!r}
Potions
 e - 3 potions of heal wounds {!q}
 m - 2 potions of flight {!q}
 n - a potion of magic {!q}
 o - 3 potions of brilliance {!q}
 r - 2 potions of agility {!q}
 z - 11 potions of curing {!q}
 C - 3 potions of ambrosia {!q}
 J - 4 potions of might {!q}
 K - 3 potions of berserk rage {!q}
 N - 2 potions of cancellation {!q}
 Q - 3 potions of cure mutation {!q}
 Y - a potion of invisibility {!q}
Miscellaneous
 c - a legendary deck of escape {drawn: 1} {god gift}
   (Nemelex Xobeh gifted it to you on level 4 of the Snake Pit)
 w - a legendary deck of destruction {drawn: 1} {god gift}
   (Nemelex Xobeh gifted it to you on level 2 of the Snake Pit)
 x - a legendary deck of escape {god gift}
   (Nemelex Xobeh gifted it to you on level 1 of the Vaults)
 B - a legendary deck of destruction {god gift}
   (Nemelex Xobeh gifted it to you on level 2 of the Orcish Mines)
 D - a legendary deck of summoning {drawn: 8} {god gift}
   (Nemelex Xobeh gifted it to you on level 7 of the Dungeon)
 F - a legendary deck of summoning {god gift}
   (Nemelex Xobeh gifted it to you on level 4 of the Snake Pit)
 M - a legendary deck of summoning {god gift}
   (Nemelex Xobeh gifted it to you on level 1 of the Snake Pit)
 R - a legendary deck of summoning {god gift}
   (Nemelex Xobeh gifted it to you on level 1 of the Shoals)
 S - a legendary deck of summoning {god gift}
   (Nemelex Xobeh gifted it to you on level 2 of the Shoals)
 T - a legendary deck of destruction {god gift}
   (Nemelex Xobeh gifted it to you on level 1 of the Vaults)
 U - an ornate deck of summoning {drawn: 2} {god gift}
   (Nemelex Xobeh gifted it to you on level 1 of the Vaults)
Comestibles
 f - 12 bread rations
 l - 7 beef jerkies
 u - 12 meat rations
 G - 62 fruits

Dungeon Overview and Level Annotations

Branches:
Dungeon (15/15)            Temple (0/1) D:4            Lair (6/6) D:10
 Shoals (3/4) Lair:4        Snake (4/4) Lair:3        Slime (0/5) Lair:6
    Orc (2/2) D:11            Elf (0/3) Orc:2        Vaults (3/5) D:13
  Crypt (0/3) Vaults:2     Depths (2/5) D:15

Altars:
Ashenzari
Cheibriados
Dithmenos
Elyvilon
Fedhas
Gozag
Hepliaklqana
Kikubaaqudgha
Makhleb
Nemelex Xobeh
Okawaru
Ru
Sif Muna
Vehumet
Xom
Yredelemnul
Zin
Beogh
Jiyva

Shops:
D:11 *   D:12 [   D:14 *   Orc:1 }   Orc:2 [*=(   Snake:1 %   Vaults:1 *[
Depths:1 }==}

Portals:
Hell: Lair:6 Depths:1 Depths:2
Ziggurat: Depths:2

Annotations:
D:2 exclusion: 2 downstairs
D:3 Grinder
D:6 exclusions: downstairs and 1 more exclusion
D:13 exclusion: 2 downstairs
Lair:1 exclusion: electric eel
Lair:5 exclusion: 2 downstairs
Shoals:1 exclusions: 3 centaurs, 2 centaur warriors, 3 fauns and 3 more exclusions
Snake:2 1 runed door, exclusion: door
Vaults:2 exclusion: 2 downstairs
Vaults:3 Mara
Depths:1 exclusion: downstairs

##.)#####.....###......###
≈##...##......#.@........#
#≈...............§....)..#
(#≈...............≈..#####
((#≈.........y........#..#
(#≈)..##.................#
#≈)....#.................#
.#≈...#....§.............#
..#≈..#..≈≈≈.............#
().#≈..).≈§§.............#
#.(≈#....§≈≈.............#
≈#≈)(..(.≈≈§.............#
.≈))(..(..§§.§§§.........#
.....))(..≈§≈§≈....(.....#
..c........§≈§≈...........#
.....(.)...§≈§§.............
...........§≈§.....§>..≈......


You could see 3 spark wasps.


Message History

The spark wasp is heavily wounded.
You block the spark wasp's attack.
You scratch the spark wasp but do no damage.
The spark wasp is heavily wounded.
You block the spark wasp's attack.
You mangle the spark wasp!!
The spark wasp is severely wounded.
You hear a shout!
You block the spark wasp's attack.
You claw the spark wasp!
The spark wasp is almost dead.
You block the spark wasp's attack.
You barely miss the spark wasp.
The spark wasp is almost dead.
The spark wasp stings you!
* * * LOW HITPOINT WARNING * * *
The spark wasp shocks you!
* * * LOW HITPOINT WARNING * * *
Huge Dmg: -12%(-27hp) hp: 46%(105hp)
You mangle the spark wasp!!
You kill the spark wasp!
A yaktaur comes into view.
The yaktaur wields an arbalest.
The yaktaur shoots a bolt.
You block the bolt.
A spark wasp comes into view.
The spark wasp buzzes angrily.
You see here a bolt.
The yaktaur shoots a bolt.
You block the bolt.
You see here a bolt.
The yaktaur hits you with an arbalest!
* * * LOW HITPOINT WARNING * * *
Damage: -4%(-9hp) hp: 47%(107hp)
You mangle the yaktaur!!
The yaktaur is almost dead.
You scratch the yaktaur.
The yaktaur is almost dead.
The spark wasp stings you!
* * * LOW HITPOINT WARNING * * *
The spark wasp shocks you!
* * * LOW HITPOINT WARNING * * *
Huge Dmg: -13%(-29hp) hp: 34%(78hp)
Okay, then.
Really read
b - a scroll of fear {!r}?
As you read the scroll of fear {!r}, it crumbles to dust.
You assume a fearsome visage.
The yaktaur looks frightened!
The spark wasp looks frightened!
You see here a bolt.
Throwing (i - inventory. (,) - cycle):
i - 108 large rocks (quivered)
{=f}
Press: ? - help, Shift-Dir - straight line, f - spark wasp
Aim: a spark wasp (fleeing)
You throw a large rock {=f}.
The large rock {=f} hits the spark wasp but does no damage.
Your attack snaps the spark wasp out of its fear.
You mangle the spark wasp!!
The spark wasp is heavily wounded.
The spark wasp stings you.
* * * LOW HITPOINT WARNING * * *
The spark wasp shocks you!
* * * LOW HITPOINT WARNING * * *
Huge Dmg: -8%(-18hp) hp: 29%(65hp)
You mangle the spark wasp!!
The spark wasp is almost dead.
The spark wasp barely misses you.
You scratch the spark wasp but do no damage.
The spark wasp is almost dead.
The spark wasp bursts into living lightning!
The living lightning hits you!
* * * LOW HITPOINT WARNING * * *
The living lightning misses you.
The spark wasp blinks! x2
Damage: -2%(-5hp) hp: 27%(60hp)
You eviscerate the spark wasp!!!
You kill the spark wasp!
i - 108 large rocks {=f} (gained 1)
The spark wasp buzzes angrily.
The spark wasp bursts into living lightning!
The living lightning hits you!
* * * LOW HITPOINT WARNING * * *
The spark wasp blinks!
Damage: -5%(-13hp) hp: 26%(58hp)
The spark wasp stings you!
* * * LOW HITPOINT WARNING * * *
The spark wasp shocks you!
* * * LOW HITPOINT WARNING * * *
Huge Dmg: -10%(-23hp) hp: 16%(35hp) Really read
L - 3 scrolls of blinking {!r}?
Blink to where?
Press: ? - help, Dir - move target cursor You are very lightly contaminated with residual magic.
As you read the scroll of blinking {!r}, it crumbles to dust.
The spark wasp buzzes angrily.
Really read
t - 11 scrolls of teleportation {!r}?
As you read the scroll of teleportation {!r}, it crumbles to dust.
You feel strangely unstable.
The spark wasp bursts into living lightning!
The living lightning hits you!
* * * LOW HITPOINT WARNING * * *
The spark wasp blinks!
The spark wasp bursts into living lightning!
The living lightning hits you!
You die...
Your body glows slightly and disappears.

Vault maps used:
D:1:      wheals_arrival_shading, glass_columns_c
D:3:      old_standard_altar, nemelex_xobeh_ov_fountains_minmay, uniq_iyjb,
          uniq_grinder, uniq_natasha
D:4:      first_bread, uniq_edmund
D:5:      minitemple, old_standard_altar, kennysheep_mini, lemuel_doored_altar
D:6:      nicolae_overflow_crystal_walls, kennysheep_okawaru_gauntlet
D:7:      kennysheep_ying_yang, gammafunk_temple_overflow_wave,
          serial_bayou_pond_a, fedhas_altar_1, uniq_duvessa
D:8:      ashenzari_altar_1, uniq_pikel
D:9:      special_room, hangedman_little_slice_of_home
D:10:     dpeg_lair_monsters
D:11:     minmay_orc_entry_temple_small, serial_shops, kennysheep_mini_moat,
          uniq_snorg
D:12:     serial_shops, shop, minmay_misc_feat_square
D:13:     david_vaults_5, spider_trap, hex_intersection
D:14:     xom_redecorated, nicolae_island_escapes, uniq_kirke, uniq_rupert
D:15:     grunt_enter_depths_magical_seal, serial_park_tiny_pond
Lair:1:   enter_volcano_2, serial_bayou_shore_a, grunt_megastairs_5,
          uniq_nergalle
Lair:2:   beast_lair_carwin_9, serial_bayou_shore_b, grunt_megastairs_4,
          lemuel_fruit_tree
Lair:3:   guppyfry_snake_entry_island, grunt_megastairs_2,
          infiniplex_staircase_pool, lemuel_fruit_fields
Lair:4:   minmay_shoals_entry_centaurs, serial_bayou_lagoon_a,
          lemuel_fruit_fields, infiniplex_staircase_pool_2
Lair:5:   lab_entry_generic, lemuel_fruit_fields
Lair:6:   evil_forest, slime_altar_1, lemuel_fruit_fields, lemuel_fruit_fields,
          lemuel_fruit_fields
Shoals:1: abandoned_shop, centaur_isle
Shoals:3: cheibrodos_shoals_gigantism, nicolae_shoals_circle_sea_wall
Snake:1:  minmay_snake_river, serial_shops, shop, fake_guardian_serpent_vault,
          serial_bayou_shore_b
Snake:2:  cheibrodos_toxic_ritual, basic_altar, uniq_aizul
Snake:3:  st_stairs_6
Snake:4:  snake_pit, serial_bayou, serial_bayou_shore_b, serial_bayou_lake_a,
          serial_bayou_pond_a, serial_bayou_crossing
Orc:1:    serial_shops, nicolae_shop_window_shopping, bloody_makhleb
Orc:2:    grunt_orc_gardens, grunt_orc_garden, grunt_orc_garden,
          grunt_orc_garden, grunt_orc_garden, uniq_erolcha
Vaults:1: vaults_dpeg_doors, ontoclasm_vaults_idyll, v_misc_5,
          vaults_room_semicircle, ontoclasm_vaults_claustrophobia,
          nicolae_vaults_specimen_jars, nicolae_vaults_network_s,
          ontoclasm_vaults_misaligned, nicolae_vaults_diagonal_hallway_9,
          st_more_cells, vaults_room_fours, serial_shops, shop, shop
Vaults:2: nicolae_vaults_stairing_the_circle, ontoclasm_vaults_chip,
          hangedman_vaults_corner, dpeg_vaults_waves, ontoclasm_vaults_fault,
          nicolae_vaults_asterisk, minmay_crypt_entry_nasty_monster, v_rooms_6,
          nicolae_vaults_little_squares_6, hangedman_vaults_nails,
          vaults_dpeg_hooks, nicolae_vaults_little_squares_3, v_misc_26,
          vaults_dpeg_ring
Vaults:3: v_misc_18, v_misc_15, nicolae_vaults_gold_heap,
          nicolae_vaults_back_hallway, vaults_room_boxed,
          hangedman_vaults_river_flow, st_cells, hangedman_vaults_capsules,
          nicolae_vaults_network_barrier, uniq_mara
Depths:1: serial_bayou, serial_bayou_lagoon_b, serial_bayou_ford_a,
          serial_bayou_pond_d, serial_bayou_pond_c, serial_shops,
          nicolae_shop_trees, grunt_hell_entry_dis_mu, dispersion_dpeg,
          minmay_shop_grove
Depths:2: minmay_nine_rooms, enter_ziggurat_d, pf_coc_iceberg,
          nicolae_water_bricks, infiniplex_staircase_door_maze, uniq_asterion
Lab:      labyrinth_fake_exit, nicolae_lab_diamond, nicolae_lab_stuck,
          lab_hedge, nicolae_lab_blocks, nicolae_lab_grate_2

Notes
Turn   | Place    | Note
-------+----------+-------------------------------------------
     0 | D:1      | hairmachine the Troll Hunter began the quest for the Orb.
     0 | D:1      | Reached XP level 1. HP: 19/19 MP: 0/0
   111 | D:1      | Reached skill level 1 in Unarmed Combat
   504 | D:1      | Reached XP level 2. HP: 22/27 MP: 1/1
   698 | D:1      | Reached skill level 2 in Unarmed Combat
  1218 | D:2      | Reached XP level 3. HP: 27/33 MP: 2/2
  1285 | D:2      | Reached skill level 3 in Unarmed Combat
  1901 | D:2      | Reached XP level 4. HP: 41/41 MP: 3/3
  2358 | D:3      | Reached skill level 4 in Unarmed Combat
  2471 | D:3      | Reached XP level 5. HP: 36/48 MP: 4/4
  2509 | D:3      | Found a sparkling altar of Nemelex Xobeh.
  2522 | D:3      | Became a worshipper of Nemelex Xobeh the Trickster
  2525 | D:3      | Received a gift from Nemelex Xobeh
  2569 | D:3      | Found a deep blue altar of Sif Muna.
  2605 | D:3      | Noticed Ijyb
  2623 | D:3      | Killed Ijyb
  2623 | D:3      | Reached skill level 5 in Unarmed Combat
  2656 | D:3      | Noticed Natasha
  2668 | D:3      | Killed Natasha
  2940 | D:3      | Noticed Grinder
  2994 | D:3      | Noticed Natasha
  3007 | D:3      | Killed Natasha
  3020 | D:3      | Paralysed by Grinder for 5 turns
  3109 | D:3      | Noticed Natasha
  3122 | D:3      | Killed Natasha
  3122 | D:3      | Reached XP level 6. HP: 52/55 MP: 5/5
  3149 | D:3      | Reached skill level 6 in Unarmed Combat
  3759 | D:4      | Noticed Meriados's ghost (amateur VSAs)
  3763 | D:4      | Killed Meriados's ghost
  3763 | D:4      | Reached skill level 7 in Unarmed Combat
  3763 | D:4      | Reached XP level 7. HP: 59/62 MP: 6/6
  3786 | D:4      | Noticed Edmund
  3843 | D:4      | Killed Edmund
  4007 | D:4      | Reached skill level 8 in Unarmed Combat
  4063 | D:4      | Received a gift from Nemelex Xobeh
  4133 | D:4      | Reached * piety under Nemelex Xobeh
  4343 | D:4      | Reached skill level 1 in Invocations
  4372 | D:4      | Found a staircase to the Ecumenical Temple.
  4785 | D:5      | Entered Level 5 of the Dungeon
  4878 | D:5      | Reached XP level 8. HP: 73/74 MP: 8/8
  5398 | D:5      | Found a shadowy altar of Dithmenos.
  5406 | D:5      | Found an ancient bone altar of Kikubaaqudgha.
  5440 | D:5      | Found an opulent altar of Gozag.
  5454 | D:5      | Received a gift from Nemelex Xobeh
  5484 | D:5      | Reached skill level 9 in Unarmed Combat
  5524 | D:5      | Found a snail-covered altar of Cheibriados.
  5527 | D:5      | Found a sacrificial altar of Ru.
  5529 | D:5      | Found a glowing silver altar of Zin.
  6073 | D:5      | Reached ** piety under Nemelex Xobeh
  6073 | D:5      | Received a gift from Nemelex Xobeh
  6270 | D:6      | Noticed a two-headed ogre
  6276 | D:6      | Killed a two-headed ogre
  6276 | D:6      | Reached XP level 9. HP: 84/84 MP: 10/10
  6560 | D:6      | Found an iron altar of Okawaru.
  7150 | D:6      | Found an iron altar of Okawaru.
  7543 | D:7      | Noticed hairmachine's ghost (novice HuFi)
  7829 | D:7      | Received a gift from Nemelex Xobeh
  7856 | D:7      | You fall through a shaft for 2 floors!
  7942 | D:9      | Reached skill level 5 in Invocations
  8024 | D:7      | Found a basalt altar of Yredelemnul.
  8304 | D:7      | Reached skill level 5 in Fighting
  8304 | D:7      | Reached skill level 10 in Unarmed Combat
  8518 | D:7      | Killed hairmachine's ghost
  8518 | D:7      | Reached XP level 10. HP: 78/96 MP: 11/13
  8608 | D:7      | Found a blossoming altar of Fedhas.
  8931 | D:7      | Noticed Duvessa
  8933 | D:7      | Noticed Dowan
  9120 | D:7      | Killed Dowan
  9145 | D:7      | Found a white marble altar of Elyvilon.
  9181 | D:7      | Killed Duvessa
  9274 | D:7      | Found a radiant altar of Vehumet.
  9274 | D:7      | Found a hazy altar of Hepliaklqana.
  9348 | D:8      | Upgraded the game from 0.20-a0-433-g9e36e56 to 0.20-a0-435-gf4ea4dd
  9819 | D:8      | Received a gift from Nemelex Xobeh
  9860 | D:8      | Reached *** piety under Nemelex Xobeh
  9993 | D:8      | Reached skill level 5 in Dodging
 10161 | D:8      | Found a shattered altar of Ashenzari.
 10165 | D:8      | Noticed a two-headed ogre
 10186 | D:8      | Killed a two-headed ogre
 10534 | D:8      | Noticed Pikel
 10557 | D:8      | Killed Pikel
 11325 | D:9      | Reached skill level 11 in Unarmed Combat
 11538 | D:9      | Reached XP level 11. HP: 94/107 MP: 15/15
 11777 | D:9      | Noticed a two-headed ogre
 12119 | D:9      | Found a roughly hewn altar of Beogh.
 12177 | D:9      | Noticed a two-headed ogre
 12224 | D:9      | Killed a two-headed ogre
 12369 | D:10     | Entered Level 10 of the Dungeon
 12372 | D:10     | Got a glittering wooden ring
 12373 | D:10     | Identified the ring of Hudashum {*Corrode rF+ Int+8 Dex+2 SInv} (You found it on level 10 of the Dungeon)
 13005 | D:10     | Noticed a death yak
 13008 | D:10     | Noticed a death yak
 13137 | D:10     | Killed a death yak
 13373 | D:10     | Noticed a death yak
 13431 | D:10     | Killed a death yak
 13459 | D:10     | Killed a death yak
 13673 | D:10     | Found a staircase to the Lair.
 13851 | Lair:1   | Entered Level 1 of the Lair of Beasts
 14369 | Lair:1   | Noticed Nergalle
 14372 | Lair:1   | Noticed a spectral orc warlord
 14378 | Lair:1   | Killed Nergalle
 14378 | Lair:1   | Reached skill level 12 in Unarmed Combat
 14401 | Lair:1   | Reached **** piety under Nemelex Xobeh
 14737 | Lair:1   | Received a gift from Nemelex Xobeh
 15602 | Lair:2   | Noticed a six-headed hydra
 15713 | Lair:2   | Killed a six-headed hydra
 15794 | Lair:2   | Identified the Catalogue of Bewitchment
 15937 | Lair:2   | Reached XP level 12. HP: 118/120 MP: 16/16
 15943 | Lair:2   | Received a gift from Nemelex Xobeh
 16659 | Lair:2   | Reached skill level 13 in Unarmed Combat
 16802 | Lair:3   | Reached ***** piety under Nemelex Xobeh
 16972 | Lair:3   | Received a gift from Nemelex Xobeh
 17132 | Lair:3   | Found a staircase to the Snake Pit.
 17926 | Lair:4   | Received a gift from Nemelex Xobeh
 18211 | Lair:4   | Noticed an eight-headed hydra
 18227 | Lair:4   | Killed an eight-headed hydra
 18448 | Lair:4   | Received a gift from Nemelex Xobeh
 18541 | Lair:4   | Found a staircase to the Shoals.
 19258 | Lair:5   | Reached skill level 14 in Unarmed Combat
 19287 | Lair:5   | Received a gift from Nemelex Xobeh
 19455 | Lair:5   | Got a jewelled trident
 19488 | Lair:5   | Received a gift from Nemelex Xobeh
 19620 | Lair:5   | Found a labyrinth entrance.
 19632 | Lab      | Entered a labyrinth
 20916 | Lab      | Reached ****** piety under Nemelex Xobeh
 21382 | Lab      | Noticed a minotaur
 21388 | Lab      | Killed a minotaur
 21391 | Lab      | Received a gift from Nemelex Xobeh
 21394 | Lab      | Identified the Guide on Ice
 21409 | Lab      | Identified a scroll of acquirement {!r}
 21425 | Lab      | Got a smoking brass ring
 21432 | Lab      | Got a faintly glowing lajatang
 21434 | Lab      | Identified the ring of the Yeti {rCorr rC+ Int-4 Dex+4 SInv} (You found it in a labyrinth)
 21828 | Lair:5   | Received a gift from Nemelex Xobeh
 22130 | Lair:6   | Entered Level 6 of the Lair of Beasts
 22164 | Lair:5   | Reached XP level 13. HP: 105/132 MP: 17/17
 22418 | Lair:6   | Reached skill level 15 in Unarmed Combat
 22452 | Lair:6   | Found a staircase to the Slime Pits.
 22456 | Lair:6   | Found a viscous altar of Jiyva.
 22882 | Lair:6   | Reached skill level 10 in Fighting
 23438 | Lair:6   | Received a gift from Nemelex Xobeh
 23724 | Lair:6   | Reached skill level 16 in Unarmed Combat
 24193 | Lair:6   | Found a burning altar of Makhleb.
 24333 | Lair:6   | Found a gateway to Hell.
 24757 | D:10     | Received a gift from Nemelex Xobeh
 25361 | D:11     | Received a gift from Nemelex Xobeh
 25393 | D:11     | Noticed Snorg
 25416 | D:11     | Killed Snorg
 25502 | D:11     | Reached XP level 14. HP: 144/144 MP: 18/18
 25593 | D:11     | Found a staircase to the Orcish Mines.
 25602 | D:11     | Found a roughly hewn altar of Beogh.
 25627 | D:11     | Found Suqoid's General Store.
 25631 | D:11     | Bought 2 potions of might for 128 gold pieces
 25631 | D:11     | Bought a potion of haste for 160 gold pieces
 25971 | Orc:1    | Entered Level 1 of the Orcish Mines
 26084 | Orc:1    | Found a burning altar of Makhleb.
 26147 | Orc:1    | Received a gift from Nemelex Xobeh
 26194 | Orc:1    | Found Ipeariv's Gadget Boutique.
 26367 | Orc:2    | Entered Level 2 of the Orcish Mines
 26373 | Orc:2    | Noticed Erolcha
 26374 | Orc:2    | Noticed Erolcha
 26374 | Orc:2    | Erolcha changed into Erolcha the wyvern
 26380 | Orc:2    | Killed Erolcha the wyvern
 26388 | Orc:2    | Reached skill level 17 in Unarmed Combat
 26607 | Orc:2    | Noticed an orc warlord
 26808 | D:12     | Received a gift from Nemelex Xobeh
 26832 | D:12     | Found Ixiat's Armour Shoppe.
 27127 | D:12     | Received a gift from Nemelex Xobeh
 27129 | D:12     | Noticed Uhlv's ghost (journeyman TrSk)
 27148 | D:12     | Killed Uhlv's ghost
 27566 | D:12     | Received a gift from Nemelex Xobeh
 28233 | D:13     | Received a gift from Nemelex Xobeh
 28617 | D:13     | Found a gate to the Vaults.
 28691 | D:14     | Found a shimmering altar of Xom.
 28692 | D:14     | Found a shimmering altar of Xom.
 28708 | D:14     | Noticed Rupert
 28729 | D:14     | Killed Rupert
 29043 | D:13     | Reached skill level 18 in Unarmed Combat
 29068 | D:14     | Noticed Kirke
 29290 | D:14     | Received a gift from Nemelex Xobeh
 29472 | D:14     | Noticed TotoDurand's ghost (journeyman DrBe)
 29584 | D:14     | Noticed Graouh's ghost (journeyman MiFi)
 29696 | D:14     | Found a shimmering altar of Xom.
 29952 | Snake:1  | Entered Level 1 of the Snake Pit
 30102 | Snake:1  | Received a gift from Nemelex Xobeh
 30564 | Snake:1  | Reached XP level 15. HP: 124/156 MP: 19/19
 30834 | Snake:1  | You fall through a shaft!
 30841 | Snake:2  | Found a basalt altar of Yredelemnul.
 30843 | Snake:2  | Noticed Aizul
 30846 | Snake:2  | Found a runed door.
 31238 | Snake:1  | Received a gift from Nemelex Xobeh
 31785 | Snake:1  | Found Qyuwe's Food Shop.
 31897 | Snake:1  | Reached skill level 19 in Unarmed Combat
 32379 | Snake:1  | Gained mutation: Your flesh is cold resistant. (rC+) [potion of beneficial mutation]
 32399 | Snake:1  | Upgraded the game from 0.20-a0-435-gf4ea4dd to 0.20-a0-443-g0464b71
 32561 | Orc:2    | an orc warlord changed into a catoblepas
 32563 | Orc:2    | Noticed an orc warlord
 32564 | Orc:2    | Paralysed by a floating eye for 3 turns
 32583 | Orc:2    | Killed an orc warlord
 32946 | Orc:1    | Noticed an orc warlord
 33378 | Orc:2    | Found Veorr's Antique Armour Emporium.
 33420 | Orc:2    | Bought a runed hat for 350 gold pieces
 33728 | Orc:2    | Found Plog's General Store.
 33797 | Orc:2    | Bought a scroll of fear for 63 gold pieces
 33797 | Orc:2    | Bought a potion of heal wounds for 90 gold pieces
 33797 | Orc:2    | Bought a scroll of teleportation for 54 gold pieces
 33815 | Orc:2    | Found a staircase to the Elven Halls.
 33847 | Orc:2    | Found Ycada's Jewellery Shop.
 33866 | Orc:2    | Reached skill level 1 in Shields
 33990 | Orc:2    | Bought the amulet of Vitality {Regen+ HP+15} for 407 gold pieces
 34048 | Orc:2    | Received a gift from Nemelex Xobeh
 34083 | Orc:2    | Found Akhoen's Antique Weapon Boutique.
 34628 | Orc:1    | Paralysed by an orc sorcerer for 4 turns
 34632 | Orc:1    | Killed an orc warlord
 35150 | Snake:2  | Killed Aizul
 35847 | Snake:2  | Received a gift from Nemelex Xobeh
 35889 | Snake:2  | Noticed a nagaraja
 35898 | Snake:2  | Killed a nagaraja
 36416 | Snake:2  | Reached XP level 16. HP: 169/169 MP: 20/20
 36737 | Snake:3  | Received a gift from Nemelex Xobeh
 37204 | Snake:3  | Reached skill level 20 in Unarmed Combat
 37616 | Snake:3  | Reached skill level 5 in Shields
 38460 | Snake:4  | Entered Level 4 of the Snake Pit
 38463 | Snake:4  | Received a gift from Nemelex Xobeh
 39570 | Snake:4  | Received a gift from Nemelex Xobeh
 40398 | Snake:4  | Received a gift from Nemelex Xobeh
 41242 | Snake:4  | Reached XP level 17. HP: 170/179 MP: 22/22
 42336 | Snake:4  | Got a serpentine rune of Zot
 43191 | D:14     | Killed Kirke
 43308 | D:14     | Reached skill level 1 in Armour
 43439 | D:14     | Killed Graouh's ghost
 43486 | D:14     | Killed TotoDurand's ghost
 43684 | D:14     | Found Cuxikh's Island Escapes.
 43714 | D:14     | Received a gift from Nemelex Xobeh
 44012 | D:15     | Entered Level 15 of the Dungeon
 44192 | D:15     | Received a gift from Nemelex Xobeh
 44869 | D:15     | Received a gift from Nemelex Xobeh
 44934 | D:15     | Found a staircase to the Depths.
 45427 | Shoals:1 | Entered Level 1 of the Shoals
 45452 | Shoals:1 | Upgraded the game from 0.20-a0-443-g0464b71 to 0.20-a0-449-g96be121
 45650 | Shoals:1 | Reached skill level 21 in Unarmed Combat
 45705 | Shoals:1 | Received a gift from Nemelex Xobeh
 45881 | Shoals:1 | Reached XP level 18. HP: 123/191 MP: 24/24
 46105 | Shoals:1 | Received a gift from Nemelex Xobeh
 46632 | Shoals:2 | Received a gift from Nemelex Xobeh
 46973 | Shoals:2 | Received a gift from Nemelex Xobeh
 48607 | Shoals:3 | Received a gift from Nemelex Xobeh
 49154 | Vaults:1 | Entered Level 1 of the Vaults
 49245 | Vaults:1 | Received a gift from Nemelex Xobeh
 49540 | Vaults:1 | Reached skill level 5 in Throwing
 49546 | Vaults:1 | Reached skill level 15 in Fighting
 49768 | Vaults:1 | Received a gift from Nemelex Xobeh
 49817 | Vaults:1 | Got an ebony scythe
 50104 | Vaults:1 | Received a gift from Nemelex Xobeh
 50278 | Vaults:1 | Received a gift from Nemelex Xobeh
 50425 | Vaults:1 | Found Upoquf's General Store.
 50426 | Vaults:1 | Found Ziopt's Armour Boutique.
 51044 | Vaults:2 | Received a gift from Nemelex Xobeh
 51358 | Vaults:2 | Noticed a lich
 51375 | Vaults:2 | Killed a lich
 51406 | Vaults:2 | Got a fine zirconium amulet
 51407 | Vaults:2 | Identified the amulet "Nanlutt" {Harm *Drain MR+ Str+3} (You found it on level 2 of the Vaults)
 51498 | Vaults:2 | Reached XP level 19. HP: 199/201 MP: 25/25
 51531 | Vaults:2 | Reached skill level 10 in Shields
 52015 | Vaults:2 | Received a gift from Nemelex Xobeh
 52197 | Vaults:2 | Found a staircase to the Crypt.
 52398 | Vaults:2 | Reached skill level 22 in Unarmed Combat
 52420 | Vaults:2 | Paralysed by an ogre mage for 2 turns
 52909 | Vaults:2 | Received a gift from Nemelex Xobeh
 53182 | Vaults:3 | Noticed Gorice's ghost (adept DsAM)
 53963 | Vaults:3 | Received a gift from Nemelex Xobeh
 54075 | Vaults:3 | Killed Gorice's ghost
 54215 | Vaults:3 | Noticed Mara
 54242 | Vaults:3 | Noticed hairmachine's illusion
 54485 | Depths:1 | Entered Level 1 of the Depths
 54504 | Depths:1 | Noticed Graouh's ghost (adept MiFi)
 54877 | Depths:1 | Killed Graouh's ghost
 55394 | Depths:1 | Reached XP level 20. HP: 213/213 MP: 26/26
 55442 | Depths:1 | Found Plog's Gadget Boutique.
 55524 | Depths:1 | Received a gift from Nemelex Xobeh
 55900 | Depths:1 | Reached skill level 23 in Unarmed Combat
 56065 | Depths:1 | Found Natuoc's Gadget Shoppe.
 56066 | Depths:1 | Found Yjemem's Jewellery Boutique.
 56066 | Depths:1 | Found Bouhy's Jewellery Boutique.
 56118 | Depths:1 | Reached skill level 10 in Invocations
 56370 | Depths:1 | Received a gift from Nemelex Xobeh
 56705 | Depths:1 | Paralysed by a great orb of eyes for 2 turns
 57015 | Depths:2 | Found a gateway to a ziggurat.
 58656 | Depths:2 | Received a gift from Nemelex Xobeh
 58744 | Depths:2 | Noticed a caustic shrike
 58952 | Depths:2 | Killed from afar by a spark wasp

Vanquished Creatures
  The ghost of Gorice the Tortoise, an adept DsAM of Okawaru (Vaults:3)
  A tentacled monstrosity (Depths:1)
  A lich (Depths:2)
  The ghost of Graouh the Fencer, an adept MiFi of Okawaru (Depths:1)
  Kirke (D:14)
  2 shadow dragons (Vaults:2)
  2 tengu reavers
  10 nagarajas
  5 fire giants
  The ghost of TotoDurand the Fencer, a journeyman DrBe of Trog (D:14)
  Aizul (Snake:2)
  6 frost giants
  5 vault wardens
  A caustic shrike zombie (Depths:1)
  An orc warlord (Orc:1)
  4 very ugly things (Depths:1)
  6 ironheart preservers
  13 stone giants
  A vampire knight (Depths:1)
  The ghost of Graouh the Carver, a journeyman MiFi of Okawaru (D:14)
  The ghost of Uhlv the Grappler, a journeyman TrSk of Okawaru (D:12)
  7 spark wasps (Depths:2)
  4 ettins
  Snorg (D:11)
  4 merfolk javelineers
  3 merfolk impalers
  8 yaktaur captains
  A jiangshi (Depths:2)
  4 fire dragons
  6 great orbs of eyes
  12 ogre magi
  7 rakshasas
  16 naga warriors
  4 vault guards
  6 ice dragons
  A hell beast (Lair:6)
  16 anacondas
  2 hydras (D:13)
  3 death knights
  A merfolk avatar (Shoals:3)
  10 centaur warriors
  A merfolk aquamancer (Shoals:3)
  A deep troll shaman (Depths:2)
  A satyr (Shoals:1)
  36 two-headed ogres
  5 orc high priests (Orc:2)
  The ghost of hairmachine the Carver, a novice HuFi of Yredelemnul (D:7)
  2 spriggan berserkers
  A tengu warrior (Depths:2)
  25 naga sharpshooters
  2 death yaks (D:10)
  4 deep troll earth magi
  9 shock serpents
  2 vampire magi
  A soul eater (Depths:1)
  A spriggan (Depths:2)
  2 deep elf knights
  2 salamander mystics (Snake:4)
  3 iron trolls (Depths:2)
  13 sea snakes
  2 unseen horrors
  7 deep trolls
  5 glowing orange brains
  A sphinx zombie (Vaults:2)
  A swamp dragon (Orc:2)
  5 ironbrand convokers
  5 wizards
  2 necromancers
  Pikel (D:8)
  9 naga ritualists
  A deep elf archer (Vaults:3)
  A wolf spider zombie (D:15)
  An orb spider (shapeshifter) (Depths:1)
  11 mana vipers
  8 orc knights
  10 harpies
  A deep elf mage (D:15)
  A wolf spider (Vaults:2)
  29 ugly things
  An orc sorcerer (Orc:1)
  8 salamanders
  13 cyclopes
  7 manticores
  A salamander (shapeshifter) (D:15)
  34 black mambas
  13 elephants
  A torpor snail (Lair:2)
  3 centaur zombies
  3 water nymphs (Shoals:3)
  4 merfolk sirens
  4 guardian serpents
  4 orange demons (Lair:6)
  3 centaur skeletons
  23 naga magi
  12 spiny frogs
  5 vault sentinels
  A human skeleton (Vaults:2)
  3 gargoyles
  A spiny frog (shapeshifter) (Vaults:3)
  4 rime drakes
  22 yaktaurs
  2 kobold demonologists (D:14)
  A freezing wraith (Vaults:3)
  2 komodo dragons
  An efreet (D:15)
  A tengu conjurer (Depths:1)
  12 trolls
  12 merfolk
  2 polar bears
  A sphinx simulacrum (Depths:1)
  A tengu simulacrum (Depths:1)
  5 wind drakes
  2 hornets
  13 blink frogs
  25 slime creatures
  13 hippogriffs
  6 snapping turtles
  5 dream sheep (Shoals:3)
  A fire giant simulacrum (Vaults:3)
  2 redbacks (Lab)
  A shadow (D:13)
  2 wraiths
  5 wyverns
  40 yaks
  A fire dragon skeleton (Depths:1)
  4 hogs
  17 water elementals
  A human simulacrum (Vaults:2)
  A steam dragon (D:6)
  5 hungry ghosts
  Edmund (D:4)
  A yaktaur simulacrum (Vaults:2)
  42 nagas
  2 acid dragons
  5 wargs
  The ghost of Meriados the Sneak, an amateur VSAs of Ashenzari (D:4)
  A floating eye (Orc:2)
  11 water moccasins
  5 hell hounds (Lair:6)
  A meliai simulacrum (D:15)
  8 porcupines
  A swamp drake (Orc:2)
  42 orc warriors
  A hornet zombie (D:10)
  5 ice beasts
  2 black bears
  An ettin simulacrum (Vaults:2)
  A black bear (shapeshifter) (Vaults:1)
  A sky beast (D:11)
  A human zombie (Vaults:2)
  3 phantoms
  A necrophage (D:11)
  4 wolves
  A tengu (Orc:2)
  10 boggarts
  28 ogres
  27 centaurs
  A crocodile (shapeshifter) (Depths:1)
  10 crocodiles
  14 bullfrogs
  A gnoll sergeant (D:10)
  A wyvern skeleton (D:9)
  4 scorpions
  Dowan (D:7)
  6 killer bees
  A troll skeleton (Lab)
  17 wights
  3 howler monkeys
  2 electric eels
  5 crimson imps
  4 bullfrog zombies
  2 quasits
  23 orc priests
  4 bullfrog skeletons
  10 jellies
  A gnoll shaman (D:4)
  7 hounds
  6 iguanas
  32 orc wizards
  3 hell rats (D:10)
  Ijyb (D:3)
  Natasha (thrice) (D:3)
  18 worker ants
  A worker ant zombie (D:10)
  15 gnolls
  16 adders
  2 river rats
  3 shadow imps
  5 oozes (D:9)
  An adder zombie (D:6)
  2 worms
  2 dart slugs
  7 leopard geckos
  119 orcs
  11 bats
  5 giant cockroaches
  5 hobgoblins
  15 jackals
  14 kobolds
  8 quokkas
  A ball python (D:3)
  A ball python zombie (D:5)
  A frilled lizard (D:2)
  A giant cockroach zombie (D:5)
  5 goblins
  A quokka zombie (D:7)
  6 rats
  A butterfly (Lair:6)
  2 fungi (Orc:2)
  2 plants
1387 creatures vanquished.

Vanquished Creatures (collateral kills)
  A lich (Vaults:2)
  Rupert (D:14)
  A titan (Shoals:3)
  3 vault wardens (Vaults:2)
  An orc warlord (Orc:2)
  2 spark wasps (Depths:2)
  A jiangshi (Depths:2)
  A minotaur (Lab)
  2 naga warriors
  6 hydras
  A centaur warrior (Vaults:2)
  A catoblepas (Orc:2)
  A tengu warrior (D:14)
  2 two-headed ogres
  An anaconda (Snake:4)
  A death yak (D:10)
  Nergalle (Lair:1)
  2 shock serpents
  A naga sharpshooter (Snake:2)
  A lindwurm (Orc:2)
  A salamander (Snake:4)
  2 elephants (Lair:6)
  A vault sentinel (Vaults:2)
  2 orange demons (Lair:6)
  3 black mambas
  A guardian serpent (Snake:4)
  3 spiny frogs
  A centaur skeleton (D:11)
  2 yaktaurs (Vaults:2)
  A komodo dragon (Lair:4)
  A merfolk (Shoals:1)
  2 blink frogs (Lair:5)
  2 slime creatures (D:13)
  2 hippogriffs
  4 yaks
  2 wargs (Orc:2)
  8 nagas
  Duvessa (D:7)
  6 water moccasins
  4 orc warriors
  A porcupine (Lair:3)
  A wolf (Orc:2)
  2 crocodiles
  4 bullfrogs
  5 orc wizards
  2 orc priests
  An iguana (D:11)
  A river rat (D:10)
  A dart slug (Orc:2)
  10 orcs
  A bush (Lair:6)
  2 butterflies (Lair:6)
111 creatures vanquished.

Vanquished Creatures (others)
  A centaur zombie (D:14)
  2 humans (D:14)
  An orc warrior (Orc:2)
  A sky beast (D:5)
  An orc priest (Orc:2)
  A leopard gecko (Orc:2)
  2 orcs (Orc:2)
  24 fungi
  83 plants
116 creatures vanquished.

Grand Total: 1614 creatures vanquished

Action                   |  1- 3 |  4- 6 |  7- 9 | 10-12 | 13-15 | 16-18 | 19-21 || total
-------------------------+-------+-------+-------+-------+-------+-------+-------++-------
Melee: Unarmed           |   110 |   144 |   305 |   694 |  1226 |  1513 |  1034 ||  5026
       Punch             |       |     3 |    15 |    44 |    96 |       |       ||   158
Throw: Large rock        |     2 |     3 |    19 |    31 |    43 |    63 |    55 ||   216
       Javelin           |       |       |       |     6 |       |       |       ||     6
Invok: Triple Draw       |       |       |       |     1 |       |       |       ||     1
Evoke: Deck              |       |       |     5 |    31 |    53 |    20 |     6 ||   115
       Wand              |       |       |     1 |       |     1 |       |       ||     2
  Use: Scroll            |       |     1 |     2 |    22 |    14 |    11 |     6 ||    56
       Potion            |       |       |     1 |       |     9 |     5 |     4 ||    19
 Stab: Sleeping          |     1 |       |       |     1 |       |       |       ||     2
       Distracted        |       |       |     1 |     2 |     5 |     3 |     3 ||    14
       Confused          |       |       |     1 |       |       |       |       ||     1
       Petrified         |       |       |       |     3 |       |       |       ||     3
       Invisible         |       |       |       |       |     7 |       |       ||     7
  Eat: Chunk             |    23 |    15 |    43 |   109 |   129 |   101 |    49 ||   469
       Royal jelly       |       |       |       |     9 |       |     4 |     1 ||    14
       Beef jerky        |       |       |       |     1 |       |       |     1 ||     2
       Bread ration      |       |       |       |     1 |     1 |     6 |     2 ||    10
       Pizza             |       |       |       |     1 |       |       |     3 ||     4
       Meat ration       |       |       |       |       |       |     3 |       ||     3
Armor: Robe              |    50 |    46 |    58 |   104 |       |       |       ||   258
       Quicksilver drago |       |       |       |     8 |   453 |   234 |   165 ||   860
Dodge: Dodged            |    55 |    69 |   111 |   315 |   598 |   297 |   200 ||  1645
Block: Large shield      |       |       |       |       |   205 |   906 |   697 ||  1808

Skill      XL: |  1  2  3  4  5  6  7  8  9 10 11 12 13 14 15 16 17 18 19 20 |
---------------+-------------------------------------------------------------+-----
Unarmed Combat | 1 2 3 4 5 7 8 9 10 11 12 14 16 18 19 20 21 22 23 | 23.4
Invocations    | 1 3 5 6 7 8 9 10 | 10.9
Fighting       | 2 4 5 6 8 9 10 12 13 14 15 16 | 16.6
Dodging        | 2 4 6 7 |  7.2
Shields        | 3 6 8 9 11 12 | 12.1
Armour         | 2 3 |  3.0
Throwing       | 6 |  6.0
Stealth        | |  0.3
Evocations     | |  0.2
